 Dungeon Crawl Stone Soup version 0.19.1-1-g22dce08 (webtiles) character file.

322 Queen the Cudgeler (level 6, -2/37 HPs)
             Began as a Gargoyle Berserker on Jan 17, 2017.
             Was a Priest of Trog.
             Slain by a gnoll shaman
             ... wielding a +0 club
              (4 damage)
             ... on level 3 of the Dungeon.
             The game lasted 00:10:07 (3090 turns).

Queen the Cudgeler (Gargoyle Berserker)             Turns: 3090, Time: 00:10:07

Health: -2/37      AC:  9    Str: 21    XL:     6   Next: 47%
Magic:  6/6        EV: 10    Int:  7    God:    Trog [***...]
Gold:   143        SH:  3    Dex: 11    Spells: 0 memorised, 5 levels left

rFire  . . .     SeeInvis .     u - -2 flail (curse)
rCold  . . .     Gourm    .     i - +0 ring mail
rNeg   + . .     Faith    .     d - +0 buckler {reflect}
rPois  ∞         Spirit   .     (no helmet)
rElec  +         Reflect  +     (no cloak)
rCorr  .         Harm     +     (no gloves)
MR     .....                    (no boots)
Stlth  +.........               s - amulet of harm
                                (no ring)
                                (no ring)

@: exhausted, slowed, very slow
A: negative energy resistance 1, electricity resistance, unbreathing,
petrification resistance, rot immunity, AC +4
a: Berserk, Trog's Hand, Burn Spellbooks, Renounce Religion


You were on level 3 of the Dungeon.
You worshipped Trog.
Trog was most pleased with you.
You were very hungry.

You visited 1 branch of the dungeon, and saw 3 of its levels.
You also visited: Sewer.

You collected 143 gold pieces.

Inventory:

Hand Weapons
 a - a +0 mace
 r - a +0 flail
 u - a cursed -2 flail (weapon)
Armour
 d - a +0 buckler of reflection (worn)
 i - a +0 ring mail (worn)
Jewellery
 s - an amulet of harm (around neck)
Scrolls
 b - a scroll of enchant weapon
 e - a scroll of amnesia {unknown}
 g - 4 scrolls of identify
 m - a scroll of fear {unknown}
 o - a scroll of random uselessness {unknown}
 t - a scroll of immolation {unknown}
Potions
 h - a potion of resistance {unknown}
 j - a potion of agility {unknown}
 k - a potion of haste {unknown}
 l - a potion of might {unknown}
 n - 2 potions of flight {unknown}
 p - 3 potions of heal wounds {unknown}
Comestibles
 c - 4 bread rations
 f - a slice of pizza
 q - 6 chunks of flesh


   Skills:
 - Level 3.2 Fighting
 + Level 7.1 Maces & Flails
 - Level 2.1 Armour
 - Level 1.5 Dodging


You had 5 spell levels left.
You didn't know any spells.

Dungeon Overview and Level Annotations

Branches:
Dungeon (3/15)

Altars:
Fedhas


Innate Abilities, Weirdness & Mutations

You are resistant to torment.
Your stone body is resilient. (AC +4)
You are immune to poison.
You resist negative energy. (rN+)
You are resistant to electric shocks. (rElec)
You can survive without breathing.
You are immune to petrification.
You are immune to rotting.


Message History

The gnoll shaman is heavily wounded.
The gnoll shaman hits you with a club.
* * * LOW HITPOINT WARNING * * *
You closely miss the gnoll shaman.
The gnoll shaman is heavily wounded.
The gnoll shaman hits you but does no damage.
You hit the gnoll shaman but do no damage.
The gnoll shaman is heavily wounded.
The gnoll shaman closely misses you.
The gnoll shaman hits you but does no damage.
You hit the gnoll shaman.
The gnoll shaman is severely wounded.
The gnoll shaman calls upon its god to speed up the gnoll.
A gnoll comes into view.
The gnoll shouts!
The gnoll seems to speed up.
You hit the gnoll shaman but do no damage.
The gnoll shaman is severely wounded.
The gnoll shaman barely misses you. The gnoll shaman hits you with a club.
You die...

......#......>....#........
......†....#..###.######.#.
......##..##.## #.# #...
...<. #†##..# .. #... ....
#)##.## ##.#. ... #)...#
##.... .. #).### #..... #
#..######## #....<
#..@....... ........
.......g....... ........
≈≈≈≈≈≈....≈≈≈≈≈ ≈≈≈≈≈≈≈≈
≈≈≈≈≈≈≈....≈≈≈≈≈ ≈≈≈≈≈≈≈≈
≈≈≈≈≈≈≈....≈≈≈≈≈ ≈≈≈≈≈≈##
........g....... ......#.
#######''''##### #######.
#....# #'


You could see a gnoll shaman and a gnoll.

Vanquished Creatures
  A big kobold (Sewer)
  An orc priest (D:3)
  11 gnolls (D:3)
  2 adders (D:2)
  A worm (D:3)
  A dart slug (D:1)
  6 leopard geckos
  4 orcs (D:3)
  6 giant cockroaches
  6 goblins
  3 hobgoblins
  15 jackals
  A quokka (D:2)
  8 bats
  A frilled lizard (D:3)
  11 kobolds
  15 rats
93 creatures vanquished.

Notes
Turn   | Place    | Note
-------+----------+-------------------------------------------
     0 | D:1      | Queen the Gargoyle Berserker began the quest for the Orb.
     0 | D:1      | Reached XP level 1. HP: 14/14 MP: 1/1
   100 | D:1      | Reached XP level 2. HP: 19/19 MP: 2/2
   678 | D:1      | Reached skill level 4 in Maces & Flails
   864 | D:2      | Reached XP level 3. HP: 11/23 MP: 3/3
  1356 | D:2      | Found a blossoming altar of Fedhas.
  1602 | D:2      | Reached ** piety under Trog
  1940 | D:3      | Reached XP level 4. HP: 28/28 MP: 4/4
  2008 | D:3      | Reached skill level 5 in Maces & Flails
  2010 | D:3      | Found a glowing drain.
  2237 | Sewer    | Entered a sewer
  2305 | Sewer    | Noticed a big kobold
  2350 | Sewer    | Killed a big kobold
  2350 | Sewer    | Reached XP level 5. HP: 32/32 MP: 5/5
  2423 | Sewer    | Found a white marble altar of Elyvilon.
  2583 | D:3      | Reached skill level 6 in Maces & Flails
  2876 | D:3      | Reached *** piety under Trog
  2962 | D:3      | Reached XP level 6. HP: 33/37 MP: 6/6
  3070 | D:3      | Reached skill level 7 in Maces & Flails
  3081 | D:3      | HP: 1/37 [gnoll shaman/club (9)]
  3086 | D:3      | HP: 1/37 [gnoll shaman/club (1)]
  3090 | D:3      | Slain by a gnoll shaman

Skill      XL: |  1  2  3  4  5  6 |
---------------+-------------------+-----
Maces & Flails | 4 5 6 7 |  7.1
Fighting       | |  3.2
Armour         | |  2.1
Dodging        | |  1.5

Action                   |  1- 3 |  4- 6 || total
-------------------------+-------+-------++-------
Melee: Mace              |   133 |   213 ||   346
       Flail             |       |    30 ||    30
Invok: Berserk           |       |     2 ||     2
       Trog's Hand       |       |     2 ||     2
  Use: Scroll            |     3 |       ||     3
  Eat: Chunk             |     3 |     6 ||     9
Armor: Animal skin       |    25 |       ||    25
       Ring mail         |    41 |   153 ||   194
Dodge: Dodged            |    93 |   187 ||   280
Block: Buckler           |       |    39 ||    39
       Reflection        |       |     2 ||     2
